 Dungeon Crawl Stone Soup version 0.21-a0-277-geaec956 (webtiles) character file.

74 GordonOverkill the Chopper (level 4, -4/34 HPs)
             Began as a Gnoll Gladiator on Sept 20, 2017.
             Slain by a gnoll
             ... wielding a +0 halberd
              (8 damage)
             ... on level 2 of the Dungeon.
             The game lasted 00:02:49 (2064 turns).

GordonOverkill the Chopper (Gnoll Gladiator)        Turns: 2064, Time: 00:02:50

Health: -4/34      AC:  6    Str:  7    XL:     4   Next: 30%
Magic:  4/4        EV: 10    Int:  7    God:
Gold:   94         SH:  0    Dex:  7    Spells: 3/3 levels left

rFire    . . .     SeeInvis .   a - +0 war axe
rCold    . . .     Gourm    .   (no shield)
rNeg     . . .     Faith    .   g - +0 ring mail
rPois    .         Spirit   .   c - +0 helmet
rElec    .         Reflect  .   (no cloak)
rCorr    .         Harm     .   (no gloves)
MR       .....                  (no boots)
Stlth    ..........             (no amulet)
HPRegen  0.11/turn              (no ring)
MPRegen  0.09/turn              (no ring)

@: no status effects
A: unchanging attributes, fangs 1, strong nose
a: no special abilities


You were on level 2 of the Dungeon.
You were hungry.

You visited 1 branch of the dungeon, and saw 2 of its levels.

You collected 94 gold pieces.

Inventory:

Hand Weapons
 a - a +0 war axe (weapon)
Missiles
 d - 3 throwing nets (quivered)
Armour
 c - a +0 helmet (worn)
 g - a +0 ring mail (worn)
Scrolls
 j - a scroll of immolation {unknown}
 k - 2 scrolls of identify {unknown}
 p - a scroll of recharging {unknown}
 q - a scroll of enchant weapon {unknown}
Potions
 b - 2 potions of haste {unknown}
 e - 2 potions of mutation {unknown}
 h - a potion of curing {unknown}
 i - a potion of ambrosia {unknown}
 m - a potion of berserk rage {unknown}
Comestibles
 f - 5 bread rations
 l - 3 meat rations
 o - a royal jelly


   Skills:
 - Level 2.6 Fighting
 + Level 6.6 Axes
 - Level 2.6 Throwing
 - Level 4.0 Dodging


You had 3 spell levels left.
You didn't know any spells.

Dungeon Overview and Level Annotations

Branches:
Dungeon (2/15)

Altars:
The Shining One


Innate Abilities, Weirdness & Mutations

Your physical attributes are unchanging.
You have very sharp teeth.
Your uncanny sense of smell can sniff out nearby items.


Message History

You hit the gnoll but do no damage. The gnoll barely misses you.
The gnoll closely misses you.
Your ring mail prevents you from hitting the gnoll.
The gnoll is heavily wounded.
You barely miss the gnoll. The gnoll closely misses you.
You closely miss the gnoll.
The gnoll is heavily wounded.
You barely miss the gnoll. The gnoll barely misses you.
The gnoll hits you but does no damage.
You hit the gnoll but do no damage.
The gnoll is moderately wounded.
You hit the gnoll. x2; The gnoll hits you with a club.
The gnoll hits you with a spear.
* * * LOW HITPOINT WARNING * * *
The gnoll closely misses you.
The gnoll hits you from afar with a spear.
* * * LOW HITPOINT WARNING * * *
The gnoll hits you but does no damage.
The gnoll hits you from afar with a halberd!
You die...

.# #.# #..# #.# .#
#.# ##.# #.# .# #.#
#.# #.# .# #.# #>#
#.# .# #.# #.# #.# .#
#.# #.# #.# .# #.#
#####.# #.#
.####.####....<####.#
.............ggg@...#
#####.####.##########
...........#
###...###..# #.###
#..# #.# #..# #.#
#..# ###.# #..# ....#
#..#


You could see 3 gnolls.

Vanquished Creatures
  Jessica (D:2)
  2 leopard geckos (D:1)
  3 giant cockroaches (D:2)
  5 goblins
  3 hobgoblins (D:1)
  2 jackals (D:2)
  10 bats
  8 frilled lizards
  9 kobolds
  2 rats
45 creatures vanquished.

Notes
Turn   | Place    | Note
-------+----------+-------------------------------------------
     0 | D:1      | GordonOverkill the Gnoll Gladiator began the quest for the Orb.
     0 | D:1      | Reached XP level 1. HP: 17/17 MP: 1/1
   208 | D:1      | Reached XP level 2. HP: 23/23 MP: 2/2
   338 | D:1      | Reached skill level 5 in Axes
   760 | D:1      | Reached XP level 3. HP: 23/28 MP: 3/3
  1298 | D:2      | Found a glowing golden altar of the Shining One.
  1510 | D:2      | Noticed Jessica
  1514 | D:2      | Killed Jessica
  1514 | D:2      | Reached skill level 6 in Axes
  1514 | D:2      | Reached XP level 4. HP: 29/34 MP: 4/4
  2064 | D:2      | Slain by a gnoll

Vault maps used:
D:1:      tarquinn_simple_flora_water_a
D:2:      nicolae_overflow_crystal_walls, gammafunk_temple_overflow_elements,
          first_bread, kennysheep_generic_room_15, uniq_jessica

Skill      XL: |  1  2  3 |
---------------+----------+-----
Axes           | 5 6 |  6.6
Fighting       | |  2.6
Throwing       | |  2.6
Dodging        | |  4.0

Action                   |  1- 3 |  4- 6 || total
-------------------------+-------+-------++-------
Melee: War axe           |   121 |    30 ||   151
       Bite              |     5 |       ||     5
  Eat: Chunk             |     2 |     1 ||     3
Armor: Ring mail         |    76 |    15 ||    91
Dodge: Dodged            |    78 |    31 ||   109

Table legend:
 A = Spawn XP
 B = Non-spawn XP
 C = Spawn XP percentage of total XP
 D = Spawn monster count
 E = Non-spawn monster count
 F = Spawn count percentage of total count
 G = Total turns spent on level
                    A         B        C        D         E        F      G
               +---------+---------+-------+---------+---------+-------+---------
         Total |       0 |     107 |   0.0 |       0 |      45 |   0.0 |  2064
               +---------+---------+-------+---------+---------+-------+---------
           D:1 |       0 |      34 |   0.0 |       0 |      22 |   0.0 |  1023
           D:2 |       0 |      73 |   0.0 |       0 |      23 |   0.0 |  1041
               +---------+---------+-------+---------+---------+-------+---------
